 Dungeon Crawl Stone Soup version 0.28-a0-511-gcc94558de3 (webtiles) character file.

Game seed: 10484690918464795705

14924 bande the Cleaver (level 12, -3/75 HPs)
             Began as a Gargoyle Fighter on Sept 22, 2021.
             Was an Elder of Okawaru.
             Slain by an eight-headed hydra (10 damage)
             ... on level 11 of the Dungeon.
             The game lasted 00:26:00 (15365 turns).

bande the Cleaver (Gargoyle Fighter)               Turns: 15365, Time: 00:26:01

Health: -3/75      AC: 37    Str: 21    XL:     12   Next: 21%
Magic:  0/15       EV:  9    Int: 10    God:    Okawaru [****..]
Gold:   620        SH:  9    Dex: 14    Spells: 11/11 levels left

rFire   . . .      SeeInvis .   r - +0 morningstar
rCold   + . .      Faith    .   o - +2 buckler
rNeg    + . .      Spirit   +   C - +0 plate armour
rPois   ∞          Reflect  .   K - +0 helmet
rElec   +          Harm     .   g - +0 cloak
rCorr   .          Rampage  +   k - +1 pair of gloves
Will    .....      Clarity  +   n - +0 pair of boots {rampage}
Stlth   ..........              e - amulet of guardian spirit
HPRegen 0.22/turn               h - +4 ring of protection
MPRegen 0.14/turn               p - ring of protection from cold

@: heroic
A: sickness immunity, AC +8, negative energy resistance 1, electricity
resistance, torment resistance 1, petrification resistance, agile 1, clarity
a: Renounce Religion, Heroism, Finesse


You were on level 11 of the Dungeon.
You worshipped Okawaru.
Okawaru was greatly pleased with you.
You visited 3 branches of the dungeon, and saw 13 of its levels.

You collected 620 gold pieces.

Inventory:

Hand Weapons
 a - a +1 war axe of draining
 r - a +0 morningstar (weapon)
Armour
 c - a +0 hat
 g - a +0 cloak (worn)
 k - a +1 pair of gloves (worn)
 m - a +0 kite shield
 n - a +0 pair of boots of rampaging (worn)
 o - a +2 buckler (worn)
 C - a +0 plate armour (worn)
 K - a +0 helmet (worn)
Jewellery
 e - an amulet of guardian spirit (around neck)
 h - a +4 ring of protection (left hand)
 j - a +6 ring of intelligence
 p - a ring of protection from cold (right hand)
 u - an amulet of reflection
 v - a +6 ring of intelligence
Wands
 b - a wand of flame (12)
 q - a wand of mindburst (11)
 A - a wand of iceblast (8)
 H - a wand of paralysis (6)
Scrolls
 f - a scroll of holy word
 i - 3 scrolls of identify
 s - a scroll of silence
 t - a scroll of enchant armour
 x - 2 scrolls of enchant weapon
 y - a scroll of teleportation
 B - a scroll of amnesia
 I - a scroll of blinking
Potions
 d - 3 potions of might
 l - 2 potions of flight
 w - 3 potions of curing
 z - a potion of heal wounds
 D - 2 potions of mutation
 E - a potion of cancellation
 F - a potion of magic
 J - a potion of brilliance {unknown}
Miscellaneous
 G - a box of beasts


   Skills:
 + Level 8.5(13.5) Fighting
 + Level 11.6(16.6) Axes
 + Level 9.7(14.7) Armour
 - Level 0.2(5.2) Dodging
 + Level 7.6(12.6) Shields
 * Level 4.8 Invocations
 * Level 6.2 Evocations


You had 11 spell levels left.
You didn't know any spells.
Your spell library contained the following spells:

 Spells                   Type           Power      Damage    Failure   Level
 Corpse Rot               Necr/Air       N/A        N/A       99%         2
 Poisonous Vapours        Pois/Air       0%         N/A       99%         2
 Stone Arrow              Conj/Erth      0%         3d7       100%        3
 Fireball                 Conj/Fire      0%         3d3       100%        5
 Iskenderun's Battlesphe  Conj           0%         2d6       100%        5
 Conjure Ball Lightning   Conj/Air       0%         3x3d6     100%        6
 Orb of Destruction       Conj           0%         N/A       100%        7
 Lehudib's Crystal Spear  Conj/Erth      0%         10d2      100%        8
 Summon Small Mammal      Summ           Unusable   N/A       N/A         1
 Call Canine Familiar     Summ           Unusable   N/A       N/A         3
 Summon Guardian Golem    Hex/Summ       Unusable   N/A       N/A         3
 Animate Armour           Summ/Erth      Unusable   N/A       N/A         4
 Spellforged Servitor     Conj/Summ      Unusable   N/A       N/A         7

Dungeon Overview and Level Annotations

Branches:
Dungeon (11/15)            Temple (1/1) D:4            Lair (1/6) D:11
    Orc (0/2) D:10

Altars:
Ashenzari
Cheibriados
Dithmenos
Elyvilon
Fedhas
Gozag
Hepliaklqana
Kikubaaqudgha
Makhleb
Nemelex Xobeh
Okawaru
Qazlal
Ru
Sif Muna
Trog
Uskayaw
Vehumet
Wu Jian
Xom
Yredelemnul
Zin
The Shining One

Annotations:
D:9 exclusion: oklob plant


Innate Abilities, Weirdness & Mutations

You are immune to sickness and miasma.
Your stone body is resilient. (AC +8)
You are immune to poison.
You resist negative energy. (rN+)
You are resistant to electric shocks. (rElec)
You are resistant to unholy torment.
You are immune to petrification.
You are agile. (Dex +2)
You possess an exceptional clarity of mind.


Message History

The eight-headed hydra is moderately wounded.
The eight-headed hydra bites you but does no damage.
The eight-headed hydra bites you!
* * * LOW HITPOINT WARNING * * *
The eight-headed hydra completely misses you.
The eight-headed hydra bites you.
* * * LOW HITPOINT WARNING * * *
The eight-headed hydra bites you but does no damage. x4
The cane toad stings you but does no damage.
You hit the eight-headed hydra.
The eight-headed hydra is moderately wounded.
The cane toad closely misses you.
The eight-headed hydra bites you but does no damage.
The eight-headed hydra bites you.
* * * LOW HITPOINT WARNING * * *
The eight-headed hydra closely misses you.
The eight-headed hydra bites you but does no damage. x2
The eight-headed hydra barely misses you.
You block the eight-headed hydra's attack.
The eight-headed hydra bites you but does no damage.
You thump the eight-headed hydra!
The eight-headed hydra is heavily wounded.
You block the cane toad's attack.
Unknown command.
You hit the cane toad but do no damage.
The eight-headed hydra closely misses you.
The eight-headed hydra bites you but does no damage. x2
The eight-headed hydra bites you.
* * * LOW HITPOINT WARNING * * *
The eight-headed hydra closely misses you.
The eight-headed hydra bites you but does no damage.
You block the eight-headed hydra's attack.
The eight-headed hydra bites you but does no damage.
The cane toad stings you but does no damage.
You closely miss the cane toad.
You block the eight-headed hydra's attack. x2
The eight-headed hydra misses you.
The eight-headed hydra bites you but does no damage.
The eight-headed hydra bites you!
You die...

#..............##.(....#
##.####
#............#.##.(....# #..#
#...)..........##......###.##
#######......#..........##..#
######...>.#.##<.###......<##
.......###.#.###.#........##
..###....#.#..##.#........#####
# ###
####.#.<#.##F#.....#......### #
#...)[...@#.....###.##.#.. #
###[#..()D.###### #......#
##########.###.#..?...#
###.....
#...........##....###.###
###... #!..........####..#
#...### #... ............#
#.)#####...# ##...
#..>........#
##.(######.###....
#..........(# ##(..####.....##.
#.....^.....# #[#....####.###.


You could see an eight-headed hydra and a cane toad.

Vanquished Creatures
  Gastronok (D:11)
  Josephine (D:11)
  Fannar (D:11)
  5 two-headed ogres
  Sonja (D:11)
  Nergalle (D:11)
  An orc knight (D:9)
  A black mamba (Lair:1)
  A gargoyle (D:10)
  A cane toad (Lair:1)
  An unseen horror (D:10)
  A troll (D:9)
  Sigmund (D:7)
  5 wraiths
  5 yaks (Lair:1)
  Edmund (D:7)
  A steam dragon (D:7)
  Menkaure (D:4)
  3 water moccasins
  An acid dragon (D:11)
  6 orc warriors
  A sky beast (D:6)
  An ice beast (D:6)
  A black bear (D:6)
  A necrophage (D:7)
  A centaur (D:6)
  2 ogres
  2 kobold brigands
  Blork the orc (D:4)
  3 bullfrogs
  A scorpion (D:7)
  A water moccasin skeleton (D:5)
  7 killer bees
  8 wights
  2 electric eels
  A bullfrog zombie (D:5)
  A crimson imp (D:9)
  4 centaur zombies
  7 hounds
  7 jellies
  14 orc priests
  3 centaur skeletons
  3 gnoll shamans
  4 iguanas
  Terence (D:3)
  13 orc wizards
  A killer bee zombie (D:5)
  A hound skeleton (D:5)
  A howler monkey zombie (D:9)
  16 gnolls
  5 adders
  A howler monkey skeleton (D:7)
  4 white imps
  An adder skeleton (D:4)
  3 worms (D:2)
  3 dart slugs
  38 orcs
  8 bats
  13 endoplasms
  7 giant cockroaches
  6 goblins
  10 hobgoblins
  14 kobolds
  2 quokkas
  8 ball pythons
  4 frilled lizards
  8 rats
284 creatures vanquished.

Vanquished Creatures (others)
  10 fungi (D:9)
  5 plants
15 creatures vanquished.

Grand Total: 299 creatures vanquished

Notes
Turn   | Place    | Note
-------+----------+-------------------------------------------
     0 | D:1      | bande the Gargoyle Fighter began the quest for the Orb.
     0 | D:1      | Reached XP level 1. HP: 14/14 MP: 1/1
    48 | D:1      | Reached XP level 2. HP: 9/19 MP: 2/2
   277 | D:1      | Reached skill level 2 in Axes
   530 | D:1      | Reached XP level 3. HP: 24/24 MP: 3/3
   916 | D:2      | Reached XP level 4. HP: 23/29 MP: 4/4
  1068 | D:2      | Gained mutation: You are agile. (Dex +2) [potion of
                  | mutation]
  1068 | D:2      | Gained mutation: You possess an exceptional clarity of
                  | mind. [potion of mutation]
  1092 | D:2      | Found a faded altar of an unknown god.
  1810 | D:3      | Reached skill level 3 in Axes
  1888 | D:3      | Reached XP level 5. HP: 32/33 MP: 5/5
  2039 | D:3      | Noticed Terence
  2044 | D:3      | Killed Terence
  2336 | D:4      | Noticed Blork the orc
  2349 | D:4      | Killed Blork the orc
  2350 | D:4      | Reached skill level 4 in Axes
  2350 | D:4      | Reached XP level 6. HP: 34/38 MP: 3/6
  2468 | D:4      | Noticed Menkaure
  2476 | D:4      | Killed Menkaure
  2669 | D:4      | Reached XP level 7. HP: 37/44 MP: 5/7
  2675 | D:4      | Reached skill level 5 in Axes
  2883 | D:4      | Found a snail-covered altar of Cheibriados.
  2979 | D:4      | Found a staircase to the Ecumenical Temple.
  2995 | Temple   | Entered the Ecumenical Temple
  3503 | D:5      | Entered Level 5 of the Dungeon
  3547 | D:5      | HP: 2/44 [centaur skeleton (2)]
  3556 | D:5      | HP: 2/44 [centaur skeleton (1)]
  3971 | D:5      | Found a stormy altar of Qazlal.
  4614 | D:4      | Reached skill level 6 in Axes
  4614 | D:4      | Reached skill level 5 in Armour
  4742 | D:5      | Reached XP level 8. HP: 48/48 MP: 8/8
  4821 | D:5      | Reached skill level 5 in Fighting
  4825 | D:5      | Reached skill level 5 in Shields
  5085 | D:5      | Found a hazy altar of Hepliaklqana.
  5347 | D:6      | Reached skill level 7 in Axes
  5771 | D:6      | Found a shimmering blue altar of Sif Muna.
  5776 | D:6      | Found an ornate altar of the Wu Jian Council.
  5822 | D:6      | Found a basalt altar of Yredelemnul.
  5892 | D:6      | Found a sparkling altar of Nemelex Xobeh.
  5996 | D:6      | Reached XP level 9. HP: 53/54 MP: 9/9
  6098 | D:6      | Reached skill level 8 in Axes
  6343 | D:7      | Reached skill level 1 in Evocations
  6961 | D:7      | HP: 1/55 [orc warrior (6)]
  7521 | D:7      | Noticed Edmund
  7529 | D:7      | Noticed Sigmund
  7534 | D:7      | Killed Edmund
  7542 | D:7      | Killed Sigmund
  7543 | D:7      | Reached skill level 9 in Axes
  7838 | D:8      | Reached XP level 10. HP: 58/61 MP: 8/10
  8084 | D:8      | HP: 1/61 [orc priest/divine providence (9)]
  8648 | D:8      | Noticed a two-headed ogre
  8677 | D:7      | Killed a two-headed ogre
  9085 | D:8      | Found a white marble altar of Elyvilon.
 10037 | D:9      | Noticed an oklob plant
 10074 | D:9      | Reached skill level 10 in Axes
 10365 | D:9      | Found an iron altar of Okawaru.
 10373 | D:9      | Became a worshipper of Warmaster Okawaru
 10647 | D:9      | Found a shimmering altar of Xom.
 10647 | D:9      | Found a burning altar of Makhleb.
 10816 | D:10     | Entered Level 10 of the Dungeon
 11989 | D:10     | Noticed an orc knight
 12009 | D:9      | Killed an orc knight
 12009 | D:9      | Reached * piety under Okawaru
 12010 | D:9      | Reached skill level 1 in Invocations
 12211 | D:10     | Found a staircase to the Orcish Mines.
 12379 | D:10     | Killed an unseen horror
 12380 | D:10     | Reached XP level 11. HP: 34/67 MP: 7/12
 12476 | D:10     | Noticed a two-headed ogre
 12487 | D:10     | Killed a two-headed ogre
 12487 | D:10     | Reached ** piety under Okawaru
 13224 | D:10     | Found a sacrificial altar of Ru.
 13237 | D:10     | Found an ancient bone altar of Kikubaaqudgha.
 13707 | D:11     | Found a staircase to the Lair.
 13709 | D:11     | Noticed Sonja
 13727 | D:11     | Killed Sonja
 13728 | D:11     | Reached skill level 5 in Evocations
 13826 | D:11     | Noticed a two-headed ogre
 13834 | D:11     | Killed a two-headed ogre
 13845 | D:11     | Noticed a two-headed ogre
 13851 | D:11     | Noticed Fannar
 13853 | D:11     | Killed a two-headed ogre
 13856 | D:11     | Noticed Josephine
 13865 | D:11     | Reached *** piety under Okawaru
 13874 | D:11     | Killed Josephine
 13879 | D:11     | Killed Fannar
 13880 | D:11     | Reached skill level 11 in Axes
 14328 | D:11     | Noticed a two-headed ogre
 14335 | D:11     | Killed a two-headed ogre
 14335 | D:11     | Reached **** piety under Okawaru
 14454 | D:11     | Noticed Gastronok
 14471 | D:11     | Killed Gastronok
 14615 | D:11     | Reached XP level 12. HP: 72/75 MP: 15/15
 14674 | D:11     | Noticed Nergalle
 14696 | D:11     | Killed Nergalle
 14841 | Lair:1   | Entered Level 1 of the Lair of Beasts
 14877 | Lair:1   | Received a gift from Okawaru
 15064 | Lair:1   | Reached ***** piety under Okawaru
 15305 | Lair:1   | Noticed a seven-headed hydra
 15365 | D:11     | Slain by an eight-headed hydra

Illustrated notes

Levels and vault maps discovered:
D:1:      psy_arrival_spokes, layout_basic, serial_bayou_ford_a, minivault_11
D:2:      minmay_alternating_diamond, layout_rooms,
          shapermc_ecumenical_altar_ellora
D:3:      minmay_skewed_foursquare, layout_rooms, uniq_terence
D:4:      layout_layer_cave, kennysheep_slug_shrine,
          minmay_temple_entry_antechambers, dk_rats_in_the_wall,
          uniq_blork_the_orc, uniq_menkaure
D:5:      layout_basic, mainiacjoe_overflow_alcove_4,
          mainiacjoe_overflow_small_starburst, grunt_decor_mini_mirrors
D:6:      cheibrodos_helix_gallery, layout_basic,
          nemelex_xobeh_ov_fountains_minmay, kennysheep_mini,
          nicolae_overflow_hidden_temple, nrook_pool_corridor
D:7:      layout_loops_ring, grunt_ministairs_2, sigmund_edmund_badplayer
D:8:      layout_cave_pods, nicolae_elyvilon_peaceful_grove,
          wad_floor_pattern_untrapped, hangedman_decor_peaks_small,
          eino_small_chamber_without_monster, grunt_decor_arrowhead
D:9:      lemuel_slime, layout_cave_pods,
          grunt_temple_overflow_champion_of_chaos, okawaru_ov_weapons_minmay
D:10:     layout_cave_pods, mainiacjoe_overflow_boulevard,
          mainiacjoe_overflow_surrounded_room, erik_orc_2
D:11:     layout_rooms, lair_entry_dummy, uniq_gastronok, uniq_josephine,
          uniq_fannar, uniq_nergalle, uniq_sonja
Temple:   nicolae_temple_figure_zero
Lair:1:   layout_hall_layers, serial_bayou, serial_bayou_crossing,
          serial_bayou_shore_b, serial_bayou_lagoon_a, serial_bayou_pond_a,
          serial_bayou_lake_a, serial_bayou_pond_c

Skill      XL: |  1  2  3  4  5  6  7  8  9 10 11 12 |
---------------+-------------------------------------+-----
Axes           | 2 3 4 6 7 9 10 11 | 11.6
Shields        | 4 5 6 7 |  7.6
Fighting       | 4 5 6 7 8 |  8.5
Armour         | 4 5 6 7 8 9 |  9.7
Evocations     | 2 4 5 6 |  6.2
Invocations    | 1 4 |  4.8
Dodging        | |  0.2

Action                   |  1- 3 |  4- 6 |  7- 9 | 10-12 || total
-------------------------+-------+-------+-------+-------++-------
Melee: War axe           |    94 |   161 |   399 |   491 ||  1145
       Morningstar       |       |       |       |     9 ||     9
Invok: Heroism           |       |       |       |     1 ||     1
  Use: Scroll            |     2 |     7 |     6 |    11 ||    26
       Potion            |       |     1 |     1 |     4 ||     6
Armor: Scale mail        |    62 |   104 |    84 |       ||   250
       Chain mail        |       |       |   235 |    29 ||   264
       Plate armour      |       |       |       |   452 ||   452
Dodge: Dodged            |    39 |    74 |   201 |   179 ||   493
Block: Buckler           |    19 |    44 |   120 |   172 ||   355

Table legend: (Time is in decaauts)
 A = Elapsed time spent in this place.
 B = Non-inter-level travel time spent in this place.
 C = Inter-level travel time spent in this place.
 D = Time resting spent in this place.
 E = Time spent auto-exploring this place.
 F = Levels seen in this place.
 G = Mean time per level.
                   A        B        C        D        E       F      G
               +--------+--------+--------+--------+--------+-----+--------+
         Total |  15577 |  15401 |    176 |   4961 |   7350 |  13 | 1198.2 |
       Dungeon |  14964 |  14797 |    167 |   4843 |   7027 |  11 | 1360.4 |
        Temple |    123 |    114 |      9 |      0 |    112 |   1 |  123.0 |
          Lair |    489 |    489 |      0 |    118 |    211 |   1 |  489.0 |
               +--------+--------+--------+--------+--------+-----+--------+

Top non-repeatable levels by time:
     D:9: 2370 daAuts
    D:10: 2090 daAuts
     D:4: 2063 daAuts
     D:8: 1671 daAuts
     D:7: 1517 daAuts
     D:6: 1130 daAuts
     D:1: 931 daAuts
     D:5: 865 daAuts
    D:11: 856 daAuts
     D:2: 777 daAuts
     D:3: 690 daAuts
  Lair:1: 489 daAuts
  Temple: 123 daAuts
